 Dungeon Crawl Stone Soup version 0.27.0-66-gdc8fb28755 (webtiles) character file.

Game seed: 5773244659608281768

837 ZARRMARR the Chiller (level 7, -7/72 HPs)
             Began as a Merfolk Ice Elementalist on Aug 21, 2021.
             Mangled by a wyvern skeleton (10 damage)
             ... on level 5 of the Dungeon.
             The game lasted 00:26:29 (6861 turns).

ZARRMARR the Chiller (Merfolk Ice Elementalist)     Turns: 6861, Time: 00:26:30

Health: -7/72      AC: 23    Str:  8    XL:     7   Next: 99%
Magic:  14/14      EV:  2    Int: 16    God:
Gold:   260        SH:  5    Dex: 15    Spells: 15/16 levels left

rFire    + . .     SeeInvis .   j - +0 spear
rCold    . . .     Faith    .   (no shield)
rNeg     + + +     Spirit   .   (armour currently unavailable)
rPois    +         Reflect  +   (helmet currently unavailable)
rElec    .         Harm     .   (cloak currently unavailable)
rCorr    .         Rampage  .   (gloves currently unavailable)
Will     .....     Clarity  +   (boots currently unavailable) Stlth +++.......NoTele +
                                c - amulet of reflection
HPRegen  0.22/turn              b - ring of protection from fire
MPRegen  0.14/turn              e - ring of poison resistance

@: tree-form
A: stationary, stasis, torment immunity, boosted hp, (nimble swimmer 2),
(mertail), clarity, MP-powered wands
a: no special abilities


You were on level 5 of the Dungeon.
You were a tree.
You visited 1 branch of the dungeon, and saw 5 of its levels.

You collected 260 gold pieces.

Inventory:

Hand Weapons
 j - a +0 spear (weapon)
Missiles
 g - 33 poisoned darts
 i - 3 boomerangs (quivered)
Armour
 a - a +0 robe (melded)
Magical Staves
 l - a staff of cold
Jewellery
 b - a ring of protection from fire (left branch)
 c - an amulet of reflection (around neck)
 d - a ring of see invisible
 e - a ring of poison resistance (right branch)
Potions
 f - a potion of mutation
 h - 2 potions of curing
 k - a potion of flight
 m - a potion of brilliance


   Skills:
 + Level 1.1 Fighting
 + Level 3.9 Polearms
 + Level 3.4 Dodging
 + Level 3.8 Stealth
 - Level 0.2 Shields
 + Level 5.1 Spellcasting
 + Level 7.1 Ice Magic
 + Level 0.2 Evocations


You had 15 spell levels left.
You knew the following spells:

 Your Spells              Type           Power      Damage    Failure   Level
a - Freeze                Ice            100%       1d11      1%          1

Your spell library contained the following spells:

 Spells                   Type           Power      Damage    Failure   Level
 Frozen Ramparts          Ice            52%        1d7       2%          3
 Ozocubu's Armour         Ice            26%        N/A       2%          3
 Foxfire                  Conj/Fire      16%        2x1d4     16%         1
 Hailstorm                Conj/Ice       15%        3d5       34%         4
 Conjure Flame            Conj/Fire      4%         6-21      41%         3
 Inner Flame              Hex/Fire       4%         N/A       41%         3
 Stone Arrow              Conj/Erth      8%         3d7       41%         3
 Animate Armour           Summ/Erth      8%         N/A       83%         4
 Lehudib's Crystal Spear  Conj/Erth      2%         10d2      100%        8


Dungeon Overview and Level Annotations

Branches:
Dungeon (5/15)
 Temple: D:4-7

Altars:

Annotations:
D:3 Sigmund


Innate Abilities, Weirdness & Mutations

You are a tree.
Your roots penetrate the ground, keeping you stationary.
You cannot be teleported.
You are immune to unholy pain and torment.
Your maximum health is greatly increased.
Your equipment is partially melded.
((You are quick and stealthy near water. (Stealth+, EV+, Speed+++)))
((Your lower body shifts to a powerful aquatic tail in water.))
You possess an exceptional clarity of mind.
You expend magic power (3 MP) to strengthen your wands.


Message History

You hit the wyvern skeleton.
The wyvern skeleton is moderately damaged.
The wyvern skeleton bites you!
You hit the wyvern skeleton but do no damage.
The wyvern skeleton is moderately damaged.
You block the wyvern skeleton's attack.
You hit the wyvern skeleton but do no damage.
The wyvern skeleton is moderately damaged.
The wyvern skeleton bites you.
* * * LOW HITPOINT WARNING * * *
It was a potion of lignification.
You turn into a tree.
Your +0 robe melds into your body.
Your roots penetrate the ground.
The wyvern skeleton bites you.
* * * LOW HITPOINT WARNING * * *
You hit the wyvern skeleton but do no damage.
The wyvern skeleton is moderately damaged.
The wyvern skeleton bites you but does no damage.
The wyvern skeleton completely misses you.
You hit the wyvern skeleton.
The wyvern skeleton is moderately damaged.
The wyvern skeleton bites you!
* * * LOW HITPOINT WARNING * * *
You hit the wyvern skeleton.
The wyvern skeleton is moderately damaged.
The wyvern skeleton bites you.
* * * LOW HITPOINT WARNING * * *
You hit the wyvern skeleton.
The wyvern skeleton is heavily damaged.
You block the wyvern skeleton's attack.
You hit the wyvern skeleton.
The wyvern skeleton is heavily damaged.
The wyvern skeleton bites you but does no damage.
You hit the wyvern skeleton.
The wyvern skeleton is severely damaged.
The wyvern skeleton bites you but does no damage.
You block the wyvern skeleton's attack.
You hit the wyvern skeleton.
The wyvern skeleton is severely damaged.
The wyvern skeleton bites you!
You die...

############ #####
#..........#
....###.########♣#
........# #Z#
###.##### #.#
..#......# #.#
#.######.# #.#
.....# #.# #....#
#.# #....# #.#
.....#


You could see a wyvern skeleton.

Vanquished Creatures
  An ice beast (D:5)
  A sky beast (D:5)
  2 black bears (D:5)
  A scorpion (D:5)
  4 hounds
  2 orc priests
  An iguana (D:4)
  An orc wizard (D:3)
  A hound skeleton (D:4)
  9 adders
  A worm (D:5)
  A dart slug (D:4)
  16 orcs
  4 bats
  8 endoplasms
  4 giant cockroaches
  7 hobgoblins
  7 jackals
  9 kobolds
  2 quokkas (D:2)
  4 ball pythons
  3 frilled lizards
  6 goblins
  5 rats
100 creatures vanquished.

Notes
Turn   | Place    | Note
-------+----------+-------------------------------------------
     0 | D:1      | ZARRMARR the Merfolk Ice Elementalist began the quest for
                  | the Orb.
     0 | D:1      | Reached XP level 1. HP: 13/13 MP: 3/3
   449 | D:1      | Reached XP level 2. HP: 18/19 MP: 5/5
   656 | D:1      | Reached skill level 5 in Ice Magic
   885 | D:1      | Reached XP level 3. HP: 24/24 MP: 4/6
  2226 | D:2      | Reached XP level 4. HP: 30/30 MP: 4/8
  2930 | D:3      | Reached XP level 5. HP: 31/35 MP: 6/9
  3080 | D:3      | Reached skill level 1 in Polearms
  3173 | D:3      | Noticed Sigmund
  3320 | D:4      | Gained mutation: You possess an exceptional clarity of
                  | mind. [potion of mutation]
  3320 | D:4      | Gained mutation: You expend magic power (3 MP) to
                  | strengthen your wands. [potion of mutation]
  3337 | D:4      | Reached skill level 6 in Ice Magic
  3454 | D:4      | Reached XP level 6. HP: 36/41 MP: 5/11
  5016 | D:5      | Entered Level 5 of the Dungeon
  5486 | D:5      | Noticed a black bear
  5498 | D:5      | Killed a black bear
  5499 | D:5      | Reached XP level 7. HP: 46/47 MP: 9/13
  6009 | D:5      | Reached skill level 1 in Fighting
  6320 | D:5      | Reached skill level 5 in Spellcasting
  6697 | D:5      | Reached skill level 7 in Ice Magic
  6857 | D:5      | HP: 2/72 [wyvern skeleton (2)]
  6861 | D:5      | Mangled by a wyvern skeleton

Illustrated notes

Levels and vault maps discovered:
D:1:      wheals_arrival_linesprint, layout_basic, glass_columns_a
D:2:      layout_loops_ring
D:3:      layout_basic, minmay_misc_feat_five, hangedman_decor_peaks_small,
          minmay_misc_feat_encased, hangedman_abyss_or_decor_stabs, uniq_robin,
          uniq_terence, uniq_sigmund
D:4:      layout_loops_ring
D:5:      layout_basic

Skill      XL: |  1  2  3  4  5  6  7 |
---------------+----------------------+-----
Ice Magic      | 5 6 7 |  7.1
Spellcasting   | 3 4 5 |  5.1
Polearms       | 2 3 |  3.9
Dodging        | 3 |  3.4
Stealth        | 3 |  3.8
Fighting       | 1 |  1.1
Shields        | |  0.2
Evocations     | |  0.2

Action                   |  1- 3 |  4- 6 |  7- 9 || total
-------------------------+-------+-------+-------++-------
Melee: Whip              |    12 |     2 |       ||    14
       Spear             |       |    60 |    32 ||    92
Throw: Dart              |       |    38 |    19 ||    57
 Cast: Freeze            |    53 |    84 |    24 ||   161
Evoke: Wand              |       |     1 |     2 ||     3
  Use: Scroll            |     1 |     5 |       ||     6
       Potion            |       |     4 |     1 ||     5
 Stab: Sleeping          |     5 |     8 |     4 ||    17
Armor: Robe              |     3 |    15 |     2 ||    20
       Skin              |       |       |     3 ||     3
Dodge: Dodged            |    25 |    53 |    17 ||    95
Block: Other             |     8 |    23 |    10 ||    41
       Reflection        |       |     1 |       ||     1
